 Dungeon Crawl Stone Soup version 0.29-a0-323-g050149af67 (webtiles) character file.

Game seed: 17518078608080452460

19373 garrulousMonolith the Geomancer (level 12, -8/76 HPs)
             Began as a Gargoyle Earth Elementalist on Apr 11, 2022.
             Was a Priest of Sif Muna.
             Mangled by a death yak (20 damage)
             ... in an ice cave.
             The game lasted 00:21:10 (17091 turns).

garrulousMonolith the Geomancer (GrEE)             Turns: 17091, Time: 00:21:11

Health: -8/76      AC: 17    Str: 12    XL:     12   Next: 68%
Magic:  7/24       EV: 14    Int: 27    God:    Sif Muna [***...]
Gold:   686        SH:  0    Dex: 10    Spells: 16/28 levels left

rFire   + + .      SeeInvis .   i - staff of earth
rCold   + + .      Faith    .   (no shield)
rNeg    + . .      Spirit   .   G - +2 robe {rC+ rF+}
rPois   ∞          Reflect  .   y - +2 helmet
rElec   +          Harm     .   O - scarf {rC+ rF+}
rCorr   +          Rampage  .   H - +0 pair of gloves
Will    .....                   F - +0 pair of boots
Stlth   ++........              E - amulet of the acrobat
HPRegen 0.22/turn               A - ring of resist corrosion
MPRegen 0.19/turn               I - +6 ring of intelligence

@: channelling
A: sickness immunity, AC +8, negative energy resistance 1, electricity
resistance, torment resistance 1, petrification resistance
a: Renounce Religion, Channel Magic, Forget Spell


You were in an ice cave.
You worshipped Sif Muna.
Sif Muna was most pleased with you.
You visited 2 branches of the dungeon, and saw 12 of its levels.
You also visited: Bailey and Ice Cave.

You collected 686 gold pieces.

Inventory:

Hand Weapons
 a - a +2 dagger of venom
 g - a +1 whip of electrocution
 q - a +0 hunting sling
 t - the +5 sword of Power {vorpal}
   (You found it on level 2 of the Dungeon)

   It inflicts extra damage upon your enemies.
   It occasionally discharges a powerful but inaccurate bolt of energy upon
   striking a foe, with increased chance the greater the wielder's current
   health.
 x - a +3 spear of venom
Missiles
 n - 85 stones (quivered)
 z - 15 poisoned darts
 S - 6 atropa-tipped darts
Armour
 p - a +2 cloak
 y - a +2 helmet (worn)
 F - a +0 pair of boots (worn)
 G - a +2 robe of resistance (worn)
 H - a +0 pair of gloves (worn)
 O - a scarf of resistance (worn)
 P - +0 acid dragon scales
 U - the +8 chain mail of Nemelex Xobeh's Scorn {rPois Int+4 Dex-2}
   (You found it in an ice cave)

   Int:       It affects your intelligence (+4).
   Dex:       It affects your dexterity (-2).
   rPois:     It protects you from poison.
Magical Staves
 i - a staff of earth (weapon)
Jewellery
 A - a ring of resist corrosion (left hand)
 E - an amulet of the acrobat (around neck)
 I - a +6 ring of intelligence (right hand)
 T - a ring of protection from fire
Wands
 b - a wand of iceblast (5)
 j - a wand of flame (1)
 o - a wand of charming (16)
 B - a wand of digging (3)
 J - a wand of acid (5)
 L - a wand of polymorph (8)
Scrolls
 d - a scroll of magic mapping
 e - 2 scrolls of enchant armour
 h - 3 scrolls of immolation
 m - 2 scrolls of vulnerability
 s - 2 scrolls of fear
 v - 3 scrolls of blinking
 w - 2 scrolls of amnesia
 C - a scroll of fog
 K - a scroll of brand weapon
 R - 2 scrolls of identify
Potions
 c - a potion of magic
 f - 3 potions of brilliance
 k - 3 potions of haste
 l - 2 potions of cancellation
 r - 3 potions of attraction
 D - 2 potions of might
 M - 2 potions of lignification
 N - 3 potions of mutation
 Q - a potion of berserk rage


   Skills:
 + Level 9.6 Fighting
 + Level 7.7 Dodging
 - Level 2.1 Stealth
 + Level 8.5 Spellcasting
 * Level 8.0 Conjurations
 - Level 1.0 Transmutations
 - Level 12.0 Earth Magic
 + Level 7.4 Invocations


You had 16 spell levels left.
You knew the following spells:

 Your Spells              Type           Power      Damage    Failure   Level
a - Sandblast             Erth           100%       2d20      1%          1
b - Stone Arrow           Conj/Erth      100%       3d13      1%          3
c - Passwall              Tmut/Erth      52%        N/A       1%          2
d - Petrify               Tmut/Erth      63%        N/A       3%          4
e - Scorch                Fire           22%        2d6       8%          2

Your spell library contained the following spells:

 Spells                   Type           Power      Damage    Failure   Level
 Beastly Appendage        Tmut           32%        N/A       3%          1
 Pain                     Necr           44%        1d6       4%          1
 Wereblood                Tmut           16%        N/A       4%          2
 Leda's Liquefaction      Hex/Erth       30%        N/A       4%          4
 Ensorcelled Hibernation  Hex/Ice        22%        N/A       8%          2
 Flame Wave               Conj/Fire      33%        2d8       10%         4
 Spider Form              Tmut/Pois      14%        N/A       12%         3
 Call Canine Familiar     Summ           11%        N/A       16%         3
 Portal Projectile        Hex/Tloc       22%        N/A       16%         3
 Swiftness                Air            11%        N/A       16%         3
 Tukima's Dance           Hex            11%        N/A       16%         3
 Anguish                  Hex/Necr       5%         N/A       45%         4
 Animate Dead             Necr           5%         N/A       45%         4
 Agony                    Necr           11%        N/A       80%         5
 Excruciating Wounds      Necr           5%         N/A       80%         5
 Summon Cactus Giant      Summ           5%         N/A       100%        6
 Enfeeble                 Hex            5%         N/A       100%        7
 Haunt                    Necr/Summ      5%         N/A       100%        7
 Infestation              Necr           5%         N/A       100%        8


Dungeon Overview and Level Annotations

Branches:
Dungeon (11/15)            Temple (1/1) D:7            Lair (0/6) D:9
 Bailey (visited)           IceCv (1/1)
    Orc: D:9-12

Altars:
Ashenzari
Cheibriados
Dithmenos
Elyvilon
Fedhas
Gozag
Hepliaklqana
Kikubaaqudgha
Makhleb
Nemelex Xobeh
Okawaru
Qazlal
Ru
Sif Muna
Trog
Uskayaw
Vehumet
Wu Jian
Xom
Yredelemnul
Zin
The Shining One

Shops:
D:1 :   D:5 (   D:8 *

Annotations:
D:5 1 runed translucent door, gimp's ghost, novice FoWn
D:6 3 runed translucent doors, bande's ghost, novice GrFi
D:8 1 runed translucent door


Innate Abilities, Weirdness & Mutations

You are immune to sickness and miasma.
Your stone body is resilient. (AC +8)
You are immune to poison.
You resist negative energy. (rN+)
You are resistant to electric shocks. (rElec)
You are resistant to unholy torment.
You are immune to petrification.


Message History

Aim: a polar bear (moderately wounded, covered in acid, 79% to hit)
The bolt of acid hits the death yak!
The death yak seems to be corroded for longer.
The death yak is moderately wounded.
The bolt of acid hits the polar bear!!
The polar bear seems to be corroded for longer.
The polar bear is severely wounded.
The death yak gores you!
The polar bear goes berserk!
Casting: Sandblast (safe; 1% risk of failure)
Confirm with . or Enter, or press ? or * to list all spells.
Aiming: Stone Arrow (safe; 1% risk of failure)
Press: ? - help, Shift-Dir - straight line, f/p - polar bear
Aim: a polar bear (severely wounded, berserk, covered in acid, 84% to hit)
You feel a surge of power!
The stone arrow hits the death yak!
The death yak is heavily wounded.
The death yak gores you!!
You hear a bellow!
Casting: Stone Arrow (safe; 1% risk of failure)
Confirm with . or Enter, or press ? or * to list all spells.
Aiming: Stone Arrow (safe; 1% risk of failure)
Press: ? - help, Shift-Dir - straight line, f/p - polar bear
Aim: a polar bear (severely wounded, berserk, covered in acid, 84% to hit)
You feel a surge of power!
The stone arrow hits the death yak!!
The death yak is severely wounded.
The death yak barely misses you.
Casting: Stone Arrow (safe; 1% risk of failure)
Confirm with . or Enter, or press ? or * to list all spells.
Aiming: Stone Arrow (safe; 1% risk of failure)
Press: ? - help, Shift-Dir - straight line, f/p - polar bear
Aim: a polar bear (severely wounded, berserk, covered in acid, 84% to hit)
You feel a surge of power!
The stone arrow hits the death yak!
The death yak is almost dead.
The polar bear rages.
The death yak gores you but does no damage.
You hear a bellow!
The polar bear rages.
The death yak gores you!!
* * * LOW HITPOINT WARNING * * *
You feel better. The death yak gores you!!
You die...

.# ..# #Y .Y#
.# #.# ##.#
#.# #Y## ##.#
##h####..#
##Y##..##
##Y##.##
#@##Y.#
##.##.##
#.###..##
##..##...##
#.)#..#...#
#.#.#.#...#
#..######..#
...##≈##≈#..#
##.##≈≈#≈≈##.#


You could see 2 death yaks.

Vanquished Creatures
  A frost giant (IceCv)
  A boulder beetle (D:9)
  A two-headed ogre (Bailey)
  3 death yaks (IceCv)
  Pikel (D:6)
  An ice statue (IceCv)
  A komodo dragon (D:9)
  7 polar bears (IceCv)
  5 spriggans (Bailey)
  36 yaks
  A wyvern (D:9)
  Grum (D:10)
  Menkaure (D:6)
  4 steam dragons
  2 vampire mosquitoes (D:10)
  Edmund (D:5)
  2 acid dragons (D:10)
  2 water moccasins
  5 orc warriors
  2 ice beasts
  A black bear (D:7)
  A sky beast (D:7)
  7 ogres
  18 wolves
  4 centaurs
  A phantom (D:6)
  2 necrophages
  2 scorpions (D:9)
  8 wights
  8 killer bees
  3 howler monkeys
  4 hounds
  2 gnoll shamans
  4 orc priests
  6 iguanas
  Ijyb (D:5)
  12 orc wizards
  Robin (D:3)
  12 gnolls
  3 adders
  A shadow imp (D:6)
  2 white imps (D:7)
  2 worms (D:2)
  2 dart slugs
  42 orcs
  6 bats
  8 endoplasms
  A giant cockroach (D:4)
  23 goblins
  4 hobgoblins
  4 jackals (D:1)
  6 kobolds
  A quokka (D:1)
  10 ball pythons
  2 frilled lizards (D:2)
  A rat (D:2)
293 creatures vanquished.

Vanquished Creatures (others)
  15 fungi
15 creatures vanquished.

Grand Total: 308 creatures vanquished

Notes
Turn   | Place    | Note
-------+----------+-------------------------------------------
     0 | D:1      | garrulousMonolith the Gargoyle Earth Elementalist began the
                  | quest for the Orb.
     0 | D:1      | Reached XP level 1. HP: 10/10 MP: 3/3
    81 | D:1      | Reached skill level 1 in Transmutations
   308 | D:1      | Reached XP level 2. HP: 16/16 MP: 1/5
   406 | D:1      | Reached skill level 4 in Earth Magic
   810 | D:1      | Found a faded altar of an unknown god.
   812 | D:1      | Noticed a great orb of eyes
   813 | D:1      | Noticed a floating eye
   820 | D:1      | Noticed a floating eye
   826 | D:1      | Reached XP level 3. HP: 20/20 MP: 4/6
   830 | D:1      | Learned a level 3 spell: Stone Arrow
   833 | D:1      | Learned a level 2 spell: Passwall
   851 | D:1      | Noticed a great orb of eyes
  1146 | D:1      | Found Dodorass's Book Shop.
  1708 | D:2      | Reached skill level 1 in Fighting
  1985 | D:2      | Reached XP level 4. HP: 21/25 MP: 7/7
  2171 | D:2      | Found the +5 sword of Power {vorpal}
  2565 | D:3      | Reached skill level 5 in Earth Magic
  2569 | D:3      | Reached XP level 5. HP: 30/30 MP: 7/9
  2704 | D:3      | Noticed Robin
  3018 | D:3      | Killed Robin
  3879 | D:4      | Noticed an ice beast
  3888 | D:4      | Killed an ice beast
  3889 | D:4      | Reached XP level 6. HP: 13/36 MP: 10/10
  4126 | D:4      | Reached skill level 6 in Earth Magic
  4672 | D:5      | Entered Level 5 of the Dungeon
  4672 | D:5      | Noticed a water moccasin
  4751 | D:5      | Identified a scroll of acquirement
  4751 | D:5      | Acquired a staff of earth
  4862 | D:5      | Noticed Edmund
  4907 | D:5      | Killed Edmund
  4908 | D:5      | Reached XP level 7. HP: 11/41 MP: 5/12
  5296 | D:5      | Reached skill level 7 in Earth Magic
  5423 | D:5      | Reached XP level 8. HP: 11/48 MP: 12/14
  5614 | D:5      | Found Ominin's Weapon Emporium.
  5990 | D:5      | Found a runed translucent door.
  5995 | D:5      | Noticed gimp's ghost (novice FoWn)
  6011 | D:5      | Reached skill level 8 in Earth Magic
  6073 | D:5      | Noticed Ijyb
  6081 | D:5      | Killed Ijyb
  6708 | D:6      | Found a runed translucent gate.
  6708 | D:6      | Found a runed translucent gate.
  6708 | D:6      | Found a runed translucent gate.
  6708 | D:6      | Noticed bande's ghost (novice GrFi)
  6839 | D:6      | Noticed Pikel
  6871 | D:6      | Killed Pikel
  6872 | D:6      | Reached skill level 5 in Fighting
  6872 | D:6      | Reached skill level 5 in Spellcasting
  6872 | D:6      | Reached skill level 9 in Earth Magic
  6872 | D:6      | Reached XP level 9. HP: 42/54 MP: 10/16
  6879 | D:6      | Learned a level 4 spell: Petrify
  7133 | D:6      | Noticed Menkaure
  7139 | D:6      | Killed Menkaure
  7852 | D:7      | Reached skill level 10 in Earth Magic
  8338 | D:7      | Reached skill level 5 in Dodging
  8462 | D:7      | Found a staircase to the Ecumenical Temple.
  8473 | Temple   | Entered the Ecumenical Temple
  8595 | Temple   | Became a worshipper of Sif Muna the Loreminder
  9233 | D:8      | Found Kidupsaito's General Store.
  9300 | D:8      | Found a radiant altar of Vehumet.
  9322 | D:8      | Reached skill level 1 in Invocations
  9532 | D:8      | Reached XP level 10. HP: 53/61 MP: 13/18
  9534 | D:8      | Reached skill level 11 in Earth Magic
  9654 | D:8      | Found a runed translucent door.
 10263 | D:8      | Found a burning altar of Makhleb.
 10272 | D:8      | Found a stormy altar of Qazlal.
 10273 | D:8      | Found a basalt altar of Yredelemnul.
 10274 | D:8      | Found a white marble altar of Elyvilon.
 10274 | D:8      | Found a glowing golden altar of the Shining One.
 10274 | D:8      | Found a snail-covered altar of Cheibriados.
 10278 | D:8      | Found an ornate altar of the Wu Jian Council.
 10712 | D:8      | Reached * piety under Sif Muna
 11111 | D:9      | Found a flagged portal.
 11127 | Bailey   | Entered a bailey
 11404 | Bailey   | Reached skill level 12 in Earth Magic
 11437 | Bailey   | Noticed a two-headed ogre
 11441 | Bailey   | Killed a two-headed ogre
 12003 | D:9      | Reached XP level 11. HP: 37/68 MP: 0/21
 12297 | D:9      | Reached skill level 1 in Conjurations
 12328 | D:9      | Reached skill level 5 in Invocations
 12628 | D:9      | Reached ** piety under Sif Muna
 12806 | D:9      | Noticed a boulder beetle
 12824 | D:9      | Killed a boulder beetle
 13338 | D:9      | Found a staircase to the Lair.
 13701 | D:10     | Entered Level 10 of the Dungeon
 14078 | D:10     | Found a sparkling altar of Nemelex Xobeh.
 14082 | D:10     | Noticed Grum
 14086 | D:10     | Killed Grum
 14366 | D:10     | Learned a level 2 spell: Scorch
 14827 | D:11     | Found a frozen archway.
 14833 | IceCv    | Entered an ice cave
 14848 | IceCv    | Reached skill level 5 in Conjurations
 15634 | IceCv    | Reached XP level 12. HP: 75/75 MP: 13/23
 16030 | IceCv    | Identified the +8 chain mail of Nemelex Xobeh's Scorn
                  | {rPois Int+4 Dex-2}
 16115 | IceCv    | Reached *** piety under Sif Muna
 16271 | IceCv    | Noticed a death yak
 16290 | IceCv    | Killed a death yak
 16636 | IceCv    | Noticed a frost giant
 16647 | IceCv    | Killed a frost giant
 16649 | IceCv    | Noticed a death yak
 16668 | IceCv    | Killed a death yak
 17047 | IceCv    | Noticed a death yak
 17047 | IceCv    | Noticed a death yak
 17047 | IceCv    | Noticed a death yak
 17054 | IceCv    | Noticed a death yak
 17067 | IceCv    | Killed a death yak
 17091 | IceCv    | Mangled by a death yak

Illustrated notes

Levels and vault maps discovered:
D:1:      onia_arrival_handbag, layout_basic,
          hellmonk_ecumenical_altar_watching_god, serial_shops,
          nicolae_shop_window_shopping
D:2:      layout_basic, minmay_misc_feat_rugged, corexii_leaking_fountain
D:3:      layout_loops_ring, uniq_robin
D:4:      layout_loops_cross
D:5:      layout_basic, ebering_ghost_reflecting_pool, serial_shops,
          nicolae_shop_bloodbath_and_beyond, uniq_ijyb, uniq_edmund
D:6:      layout_loops_ring, gammafunk_ghost_split, uniq_menkaure, uniq_pikel
D:7:      layout_basic, minmay_temple_entry_glass
D:8:      kennysheep_steamy, layout_gridville, lemuel_crystal_altar, minitemple,
          serial_shops, shop, lightli_church_of_beogh
D:9:      layout_loops_corners, grunt_lair_entry_orc_guard_hut, enter_bailey_7,
          small_chamber_with_monster, nicolae_figureground_sparkle
D:10:     layout_basic, nemelex_spade_bored_becter, uniq_grum
D:11:     minmay_the_grid_triangle_9x9_recursive_2
          [minmay_the_grid_triangle_9x9_prize_top_heavy,
          minmay_the_grid_triangle_9x9_cache,
          minmay_the_grid_triangle_9x9_checkered,
          minmay_the_grid_triangle_9x9_tough_junction], layout_gridville,
          portal_ice_cave_entry_pillars_2
Temple:   nicolae_temple_god_jail
IceCv:    ice_cave_caverns_02

Skill      XL: |  1  2  3  4  5  6  7  8  9 10 11 12 |
---------------+-------------------------------------+-----
Transmutations | 1 |  1.0
Earth Magic    | 4 5 6 7 9 10 12 | 12.0
Fighting       | 1 2 3 4 5 6 7 8 9 |  9.6
Dodging        | 2 3 4 5 6 7 |  7.7
Spellcasting   | 3 4 5 6 7 8 |  8.5
Invocations    | 2 4 6 7 |  7.4
Conjurations   | 5 8 |  8.0
Stealth        | |  2.1

Action                   |  1- 3 |  4- 6 |  7- 9 | 10-12 || total
-------------------------+-------+-------+-------+-------++-------
Melee: Unarmed           |     8 |       |    21 |       ||    29
       Whip              |     7 |    70 |       |   101 ||   178
       Dagger            |    39 |    31 |       |       ||    70
       Great sword       |       |    59 |       |    23 ||    82
       Spear             |       |    15 |    25 |   104 ||   144
       Punch             |       |     2 |       |     2 ||     4
       Staff             |       |       |     4 |    41 ||    45
Throw: Throwing net      |       |     1 |       |       ||     1
 Cast: Sandblast         |    27 |    15 |    79 |   115 ||   236
       Stone Arrow       |       |       |    46 |   185 ||   231
       Passwall          |       |       |       |     2 ||     2
Invok: Channel Magic     |       |       |       |     3 ||     3
Evoke: Wand              |       |       |       |     4 ||     4
  Use: Scroll            |       |    10 |     7 |     8 ||    25
       Potion            |       |     4 |     1 |     7 ||    12
 Stab: Sleeping          |       |     3 |     1 |       ||     4
Armor: Robe              |    22 |    81 |    23 |   113 ||   239
       Skin              |       |       |     5 |       ||     5
       Leather armour    |       |       |    12 |   133 ||   145
Dodge: Dodged            |    42 |   115 |    59 |   313 ||   529

Table legend: (Time is in decaauts)
 A = Elapsed time spent in this place.
 B = Non-inter-level travel time spent in this place.
 C = Inter-level travel time spent in this place.
 D = Time resting spent in this place.
 E = Time spent auto-exploring this place.
 F = Levels seen in this place.
 G = Mean time per level.
                   A        B        C        D        E       F      G
               +--------+--------+--------+--------+--------+-----+--------+
         Total |  17184 |  16433 |    751 |   4879 |   8999 |  14 | 1227.4 |
       Dungeon |  14212 |  13476 |    736 |   3266 |   8206 |  11 | 1292.0 |
        Temple |    138 |    123 |     15 |      0 |     89 |   1 |  138.0 |
        Bailey |    554 |    554 |      0 |    198 |    218 |   1 |  554.0 |
      Ice Cave |   2279 |   2279 |      0 |   1415 |    486 |   1 | 2279.0 |
               +--------+--------+--------+--------+--------+-----+--------+

Top non-repeatable levels by time:
   IceCv: 2279 daAuts
     D:9: 1927 daAuts
     D:8: 1890 daAuts
     D:5: 1736 daAuts
     D:1: 1666 daAuts
     D:7: 1422 daAuts
     D:6: 1351 daAuts
     D:3: 1330 daAuts
    D:10: 1127 daAuts
     D:4: 957 daAuts
     D:2: 796 daAuts
  Bailey: 554 daAuts
  Temple: 138 daAuts
    D:11: 5 daAuts
